 Dungeon Crawl Stone Soup version 0.25.0-15-gac7dcb8919 (webtiles) character file.

Game seed: 14728761802895691536

53 linguaignota the Digger (level 3, -4/21 HPs)
             Began as an Octopode Earth Elementalist on June 29, 2020.
             Slain by Terence
             ... wielding a +0 hand axe
              (10 damage)
             ... on level 2 of the Dungeon.
             The game lasted 00:03:51 (2165 turns).

linguaignota the Digger (OpEE)                      Turns: 2165, Time: 00:03:52

Health: -4/21      AC:  1    Str:  8    XL:     3   Next: 89%
Magic:  5/6        EV: 13    Int: 17    God:
Gold:   147        SH:  0    Dex: 12    Spells: 0/6 levels left

rFire    . . .     SeeInvis .   (no weapon)
rCold    . . .     Gourm    .   (no shield)
rNeg     . . .     Faith    .   (helmet restricted)
rPois    .         Spirit   .   (no amulet)
rElec    .         Reflect  .   (no ring)
rCorr    .         Harm     .   (no ring)
MR       .....                  (no ring)
Stlth    +++.......             (no ring)
HPRegen  0.07/turn              (no ring)
MPRegen  0.10/turn              (no ring)
                                (no ring)
                                (no ring)

@: no status effects
A: almost no armour, stealthy swim, amphibious, 8 rings, constrict 8, camouflage
1, gelatinous body 1
a: no special abilities


You were on level 2 of the Dungeon.
You were not hungry.

You visited 1 branch of the dungeon, and saw 2 of its levels.

You collected 147 gold pieces.

Inventory:

Missiles
 b - 66 stones (quivered)
 f - 6 poisoned darts
Armour
 j - a cursed -1 buckler
Scrolls
 d - a scroll of enchant armour {unknown}
 e - a scroll of amnesia {unknown}
 g - 2 scrolls of magic mapping {unknown}
 h - a scroll of random uselessness {unknown}
 k - a scroll of teleportation {unknown}
 m - a scroll of enchant weapon {unknown}
 n - a scroll of identify {unknown}
Potions
 a - a potion of magic {unknown}
 i - 2 potions of curing {unknown}
Comestibles
 c - 3 rations


   Skills:
 - Level 2.2 Dodging
 - Level 2.9 Stealth
 - Level 0.1 Unarmed Combat
 - Level 2.1 Spellcasting
 - Level 1.0 Transmutations
 + Level 4.3 Earth Magic


You couldn't memorise any spells.
You knew the following spells:

 Your Spells              Type           Power        Failure   Level  Hunger
a - Sandblast             Erth           ###...       3%          1    #......
b - Stone Arrow           Conj/Erth      #.....       24%         3    ###....
c - Passwall              Tmut/Erth      ##......     10%         2    ###....

Your spell library contained the following spells:

 Spells                   Type           Power        Failure   Level  Hunger
 Petrify                  Tmut/Erth      ##......     54%         4    #####..
 Lee's Rapid Deconstruct  Erth           ###.......   65%         5    ######.


Dungeon Overview and Level Annotations

Branches:
Dungeon (2/15)

Altars:

Annotations:
D:2 Terence


Innate Abilities, Weirdness & Mutations

You cannot wear most types of armour.
You are very stealthy in the water. (Stealth+)
You are amphibious.
You can wear up to eight rings at the same time.
You can use your tentacles to constrict eight enemies at once.
Your skin changes colour to match your surroundings (Stealth+).
Your rubbery body absorbs attacks. (AC +1, EV +1)


Message History

Confirm with . or Enter, or press ? or * to list all spells.
Aiming: Sandblast (safe; 3% risk of failure)
Press: ? - help, Shift-Dir - straight line, f/p - Terence
Aim: Terence, wielding a +0 hand axe and wearing a +2 ring mail of cold resistance (severely wounded)
The blast of sand hits Terence but does no damage.
Terence is severely wounded.
b - 67 stones Terence hits you with a +0 hand axe.
* * * LOW HITPOINT WARNING * * *
You see here 2 poisoned darts.
There is a stone staircase leading down here.
Casting: Sandblast (safe; 3% risk of failure)
Confirm with . or Enter, or press ? or * to list all spells.
Aiming: Sandblast (safe; 3% risk of failure)
Press: ? - help, Shift-Dir - straight line, f/p - Terence
Aim: Terence, wielding a +0 hand axe and wearing a +2 ring mail of cold resistance (severely wounded)
The blast of sand misses Terence.
b - 66 stones Terence hits you with a +0 hand axe!
You die...

.#.............# .#####.###.#
..........###K.# #..........#.
###...###.# #..# #######.#.###
###...###.###..###### #...#..
................K...#######.#....
###...###.###..####K##......#....
# #...# #.# #..# #.##.#####.(...
###...# #.# #..####..............
#.....# #.# #...@@K....#####..)..
#.#.#.# #.# ##.##############....
#.#...# #.# #.# #..............
#.#.#####.####.# #.#########.###
#.#............# #.# #.#
#...#####[###### #.# #.#
###.#####.# #.# ######.#
###..#....# #.# #......#
......)#..# #.# #.####.#


You could see Terence and a kobold.

Vanquished Creatures
  An adder (D:2)
  A worm (D:2)
  A leopard gecko (D:2)
  A ball python (D:1)
  4 bats (D:1)
  A giant cockroach (D:1)
  8 goblins
  3 hobgoblins (D:1)
  6 kobolds
  A quokka (D:2)
  7 frilled lizards
  6 rats
40 creatures vanquished.

Notes
Turn   | Place    | Note
-------+----------+-------------------------------------------
     0 | D:1      | linguaignota the Octopode Earth Elementalist began the
                  | quest for the Orb.
     0 | D:1      | Reached XP level 1. HP: 11/11 MP: 3/3
    98 | D:1      | Reached XP level 2. HP: 7/17 MP: 5/5
   707 | D:1      | Reached XP level 3. HP: 9/21 MP: 6/6
  1044 | D:1      | Learned a level 3 spell: Stone Arrow
  1047 | D:1      | Learned a level 2 spell: Passwall
  1624 | D:2      | Reached skill level 4 in Earth Magic
  2083 | D:2      | Noticed Terence
  2165 | D:2      | Slain by Terence

Illustrated notes

Levels and vault maps discovered:
D:1:      dpeg_arrival_long_road, layout_loops_ring
D:2:      layout_loops_ring, gammafunk_temple_overflow_wave, uniq_terence

Skill      XL: |  1  2  3 |
---------------+----------+-----
Earth Magic    | 4 |  4.3
Dodging        | |  2.2
Stealth        | |  2.9
Unarmed Combat | |  0.1
Spellcasting   | |  2.1
Transmutations | |  1.0

Action                   || total
-------------------------++-------
Melee: Unarmed           ||   106
       Constrict         ||    29
       Tentacles         ||    17
Throw: Dart              ||     7
 Cast: Sandblast         ||    12
 Stab: Sleeping          ||    10
  Eat: Chunk             ||     4
Armor: Skin              ||    10
Dodge: Dodged            ||    73
